 Dungeon Crawl Stone Soup version 0.29-a0-219-g0a02b1cf4f (webtiles) character file.

Game seed: 15256243951076463900

46 mopl the Sneak (level 3, 0/25 HPs)
             Began as an Octopode Brigand on Feb 25, 2022.
             Succumbed to an adder's poison
             ... on level 2 of the Dungeon.
             The game lasted 00:01:20 (1213 turns).

mopl the Sneak (Octopode Brigand)                   Turns: 1213, Time: 00:01:20

Health: 0/25       AC:  1    Str: 10    XL:     3   Next: 68%
Magic:  3/3        EV: 17    Int: 13    God:
Gold:   75         SH:  0    Dex: 15    Spells: 2/2 levels left

rFire   . . .      SeeInvis .   a - +1 dagger (venom)
rCold   . . .      Faith    .   (no shield)
rNeg    . . .      Spirit   .   (helmet restricted)
rPois   .          Reflect  .   (no amulet)
rElec   .          Harm     .   h - +4 ring of evasion
rCorr   .          Rampage  .   (no ring)
Will    .....                   (no ring)
Stlth   ++++......              (no ring)
HPRegen 0.08/turn               (no ring)
MPRegen 0.08/turn               (no ring)
                                (no ring)
                                (no ring)

@: lethally poisoned (0 -> -1), on berserk cooldown, slowed, very slow
A: almost no armour, amphibious, 8 rings, camouflage 1, gelatinous body 1,
(nimble swimmer 1), tentacles
a: no special abilities


You were on level 2 of the Dungeon.
You visited 1 branch of the dungeon, and saw 2 of its levels.

You collected 75 gold pieces.

Inventory:

Hand Weapons
 a - a +1 dagger of venom (weapon)
Missiles
 b - 8 poisoned darts (quivered)
 c - 2 curare-tipped darts
Jewellery
 h - a +4 ring of evasion (left tentacle)
Scrolls
 d - a scroll of noise {unknown}
 f - a scroll of summoning {unknown}
 g - a scroll of vulnerability {unknown}
 i - a scroll of enchant armour {unknown}
 k - a scroll of identify {unknown}
Potions
 j - a potion of curing {unknown}


   Skills:
 + Level 2.4 Fighting
 - Level 2.0(2.1) Short Blades
 + Level 1.1(1.7) Long Blades
 + Level 2.5 Throwing
 + Level 1.7 Dodging
 + Level 5.7 Stealth


You had 2 spell levels left.
You didn't know any spells.
Your spell library was empty.

Dungeon Overview and Level Annotations

Branches:
Dungeon (2/15)

Altars:


Innate Abilities, Weirdness & Mutations

You cannot wear most types of armour.
You are amphibious.
You can wear up to eight rings at the same time.
Your skin changes colour to match your surroundings (Stealth+).
Your rubbery body absorbs attacks. (AC +1, EV +1)
((You are camouflaged when in or above water. (Stealth+)))
You have tentacles for arms and can constrict up to eight enemies at once.


Message History

You are too injured to fight recklessly!
You are too injured to fight recklessly!
You are too injured to fight recklessly!
You are too injured to fight recklessly!
You are too injured to fight recklessly!
You are too injured to fight recklessly!
You are too injured to fight recklessly!
You are too injured to fight recklessly!
You are too injured to fight recklessly!
You are too injured to fight recklessly!
Unknown command.
* * * LOW HITPOINT WARNING * * *
You feel sick. The jackal bites you.
* * * LOW HITPOINT WARNING * * *
It was a potion of berserk rage.
A red film seems to cover your vision as you go berserk!
You feel yourself moving faster!
You feel mighty!
You feel sick.
You kill the adder!
The jackal barely misses you.
You barely miss the jackal. You grab the jackal.
You constrict the jackal, but do no damage.
You feel sick. The jackal closely misses you.
You barely miss the jackal. You tentacle-slap the jackal.
You kill the jackal!
You feel sick.
You barely miss the jackal. You grab the jackal. You constrict the jackal.
You feel sick. The jackal barely misses you.
You hit the jackal.
You kill the jackal!
You feel sick. The giant cockroach bites you.
* * * LOW HITPOINT WARNING * * *
You puncture the giant cockroach!
You kill the giant cockroach!
* * * LOW HITPOINT WARNING * * *
You feel sick.
You feel a strong urge to attack something.
You are no longer berserk.
You are exhausted.
You feel yourself slow down.
You die...

.# #### .# ##... #
##.# ####....
#....# #....<..
##.#..# #.##....
#..††.# #.###...
#.# ###.####.# #.#
#......... #@#
#.#....... #.#
#.######.# #.#
#####.# #.#
#.###.....# #..
#......###########
######.............
........##########.
######...# ######.
##..# #......


There were no monsters in sight!

Vanquished Creatures
  An adder (D:2)
  A dart slug (D:1)
  2 endoplasms (D:1)
  2 giant cockroaches
  3 hobgoblins
  4 jackals (D:2)
  A kobold (D:1)
  3 quokkas (D:1)
  7 ball pythons
  A bat (D:1)
  3 frilled lizards (D:1)
  2 goblins (D:1)
  4 rats (D:1)
34 creatures vanquished.

Vanquished Creatures (others)
  A fungus (D:2)
  6 plants (D:2)
7 creatures vanquished.

Grand Total: 41 creatures vanquished

Notes
Turn   | Place    | Note
-------+----------+-------------------------------------------
     0 | D:1      | mopl the Octopode Brigand began the quest for the Orb.
     0 | D:1      | Reached XP level 1. HP: 14/14 MP: 1/1
   217 | D:1      | Reached XP level 2. HP: 19/19 MP: 2/2
   528 | D:1      | Reached XP level 3. HP: 13/24 MP: 3/3
   530 | D:1      | Reached skill level 1 in Long Blades
  1211 | D:2      | HP: 1/37 [poisoned by an adder]
  1213 | D:2      | Succumbed to an adder's poison

Illustrated notes

Levels and vault maps discovered:
D:1:      minmay_arrival_cross, layout_basic
D:2:      layout_loops_ring, dreamdust_ecumenical_altar_hidden_monk_grotto,
          basic_altar, uniq_terence

Skill      XL: |  1  2  3 |
---------------+----------+-----
Long Blades    | 1 |  1.1
Fighting       | |  2.4
Short Blades   | |  2.0
Throwing       | |  2.5
Dodging        | |  1.7
Stealth        | |  5.7

Action                   || total
-------------------------++-------
Melee: Dagger            ||    54
       Constrict         ||    11
       Tentacles         ||     6
       Punch             ||     3
  Use: Potion            ||     1
 Stab: Sleeping          ||    15
Armor: Skin              ||     2
Dodge: Dodged            ||    34

Table legend: (Time is in decaauts)
 A = Elapsed time spent in this place.
 B = Non-inter-level travel time spent in this place.
 C = Inter-level travel time spent in this place.
 D = Time resting spent in this place.
 E = Time spent auto-exploring this place.
 F = Levels seen in this place.
 G = Mean time per level.
                   A        B        C        D        E       F      G
               +--------+--------+--------+--------+--------+-----+--------+
         Total |   1203 |   1180 |     23 |    353 |    636 |   2 |  601.5 |
       Dungeon |   1203 |   1180 |     23 |    353 |    636 |   2 |  601.5 |
               +--------+--------+--------+--------+--------+-----+--------+

Top non-repeatable levels by time:
     D:1: 1071 daAuts
     D:2: 131 daAuts
